 Dungeon Crawl Stone Soup version 0.30.1-9-gdf580d7c3d (webtiles) character file.

Game seed: 15724488376226934093

1531 monsoonserge the Slasher (level 8, -2/63 HPs)
             Began as a Demonspawn Monk on Sept 25, 2023.
             Slain by an orc warrior
             ... wielding a +1 glaive of flaming
              (3 damage)
             ... on level 6 of the Dungeon.
             The game lasted 00:14:17 (4897 turns).

monsoonserge the Slasher (Demonspawn Monk)          Turns: 4897, Time: 00:14:17

Health: -2/63      AC: 10    Str: 11    XL:     8   Next: 55%
Magic:  8/8        EV: 10    Int: 13    God:
Gold:   179        SH:  0    Dex: 17    Spells: 7/7 levels left

rFire   . . .        a - +0 falchion
rCold   . . .        d - orb {light}
rNeg    . . .        D - +0 scale mail
rPois   .            (helmet restricted)
rElec   .            (no cloak)
rCorr   .            (no gloves)
SInv    +            (no boots)
Will    .....        v - amulet of the acrobat Stlth
                     A - ring of see invisible
HPRegen 0.30/turn    (no ring)
MPRegen 0.11/turn

%: acrobat
@: glowing
A: antennae 2, slimy green scales 2, condensation shield
a: no special abilities


You were on level 6 of the Dungeon.
You visited 1 branch of the dungeon, and saw 6 of its levels.
You also visited: Ossuary.

You collected 263 gold pieces.
You spent 84 gold pieces at shops.

Inventory:

Hand Weapons
 a - a +0 falchion (weapon)
 k - a +0 short sword
Missiles
 j - 9 poisoned darts (quivered)
 r - 6 javelins
 x - 2 boomerangs
Armour
 b - a +0 robe
 d - an orb of light (worn)
 u - a +0 leather armour
 z - a +0 chain mail
 B - a +0 ring mail
 D - a +0 scale mail (worn)
Jewellery
 v - an amulet of the acrobat (around neck)
 A - a ring of see invisible (left hand)
Wands
 s - a wand of acid (7)
Scrolls
 f - 2 scrolls of immolation {unknown}
 h - 3 scrolls of fear
 m - 2 scrolls of poison {unknown}
 q - 3 scrolls of teleportation
 t - a scroll of fog {unknown}
 w - 2 scrolls of magic mapping {unknown}
 y - a scroll of amnesia {unknown}
Potions
 c - a potion of ambrosia
 e - 5 potions of lignification {unknown}
 g - 2 potions of berserk rage
 i - 6 potions of curing
 l - 2 potions of heal wounds
 n - 4 potions of degeneration {unknown}
 o - 2 potions of attraction {unknown}
 p - 2 potions of mutation {unknown}
 C - 2 potions of resistance {unknown}
 E - a potion of flight {unknown}


   Skills:
 + Level 5.4 Fighting
 + Level 7.1 Long Blades
 + Level 1.0 Throwing
 + Level 3.7 Armour
 + Level 4.5 Dodging
 + Level 0.1 Stealth
 + Level 1.7 Shields


You had 7 spell levels left.
You didn't know any spells.
Your spell library contained the following spells:

 Spells                   Type           Power      Damage    Failure   Level
 Blink                    Tloc           0%         N/A       94%         2
 Lesser Beckoning         Tloc           0%         N/A       94%         2
 Momentum Strike          Conj/Tloc      0%         3d8       94%         2


Dungeon Overview and Level Annotations

Branches:
Dungeon (6/15)            Ossuary (visited)
 Temple: D:4-7

Altars:
Ru

Shops:
D:3 [   D:5 *


Innate Abilities, Weirdness & Mutations

You have a pair of antennae on your head.
You are mostly covered in slimy green scales. (AC +3)
A meltable shield of frost defends you. (SH +0)


Message History

You see here 4 scrolls of noise.
There is a stone staircase leading down here.
You climb downwards.
Found 3 scrolls labelled YRODIR CUNKU.
There is a stone staircase leading up here.
You slash the orc!
You kill the orc!
The orc warrior completely misses you.
Things that are here:
a +0 falchion; a +0 leather armour You hit the orc warrior.
The orc warrior is moderately wounded.
You hit the orc warrior.
The orc warrior is heavily wounded.
The orc warrior hits you but does no damage.
You hit the orc warrior but do no damage.
The orc warrior is heavily wounded.
The orc warrior hits you with a +1 glaive of flaming!!
Your condensation shield dissipates!
The orc warrior burns you.
You barely miss the orc warrior.
The orc warrior is heavily wounded.
The orc warrior hits you with a +1 glaive of flaming.
The orc warrior burns you.
You hit the orc warrior.
The orc warrior is heavily wounded.
The orc warrior hits you with a +1 glaive of flaming!
The orc warrior burns you.
You barely miss the orc warrior.
The orc warrior is heavily wounded.
The orc warrior hits you with a +1 glaive of flaming.
* * * LOW HITPOINT WARNING * * *
The orc warrior burns you.
* * * LOW HITPOINT WARNING * * *
You hit the orc warrior.
The orc warrior is severely wounded.
The orc warrior hits you with a +1 glaive of flaming!
* * * LOW HITPOINT WARNING * * *
The orc warrior burns you.
You die...

### ..#####
#.....
###.###..#####.
#....o@<.......
#..###.#.......
#....?....
###.###### ..
###


You could see an orc warrior.

Vanquished Creatures
  Edmund (D:5)
  Menkaure (D:4)
  3 black bears
  2 ogres
  3 elf zombies (Ossuary)
  2 scorpions
  2 centaur zombies (Ossuary)
  3 hounds
  2 iguanas (D:4)
  A sleepcap (D:5)
  An orc wizard (D:3)
  2 mummies (Ossuary)
  Robin (D:4)
  5 adders
  7 gnolls
  3 ufetubi
  3 adder zombies (Ossuary)
  A worm (D:2)
  3 dart slugs
  12 orcs
  6 bats
  2 endoplasms (D:2)
  3 giant cockroaches
  13 hobgoblins
  2 quokkas
  7 ball pythons
  5 frilled lizards
  10 goblins
  7 hobgoblin zombies (Ossuary)
  A jackal zombie (Ossuary)
  4 kobolds
  13 kobold zombies
  9 orc zombies (Ossuary)
  3 rats (D:3)
143 creatures vanquished.

Notes
Turn   | Place    | Note
-------+----------+-------------------------------------------
     0 | D:1      | monsoonserge the Demonspawn Monk began the quest for the
                  | Orb.
     0 | D:1      | Reached XP level 1. HP: 18/18 MP: 1/1
   157 | D:1      | Gained mutation: You are partially covered in slimy green
                  | scales. (AC +2) [demonic ancestry]
   157 | D:1      | Reached XP level 2. HP: 24/24 MP: 2/2
   418 | D:2      | Found a sacrificial altar of Ru.
   422 | D:2      | Reached skill level 3 in Long Blades
   600 | D:2      | Gained mutation: You have a pair of small antennae on your
                  | head. [demonic ancestry]
   600 | D:2      | Reached XP level 3. HP: 19/29 MP: 3/3
  1333 | D:3      | Gained mutation: A meltable shield of frost defends you.
                  | (SH +0) [demonic ancestry]
  1333 | D:3      | Reached XP level 4. HP: 24/37 MP: 4/4
  1609 | D:3      | Reached skill level 4 in Long Blades
  1713 | D:3      | Found Suluast's Antique Armour Emporium.
  1735 | D:3      | Gained mutation: You are mostly covered in slimy green
                  | scales. (AC +3) [demonic ancestry]
  1735 | D:3      | Reached XP level 5. HP: 14/42 MP: 5/5
  1739 | D:3      | Reached skill level 1 in Armour
  2305 | D:4      | Gained mutation: You have a pair of antennae on your head.
                  | [demonic ancestry]
  2305 | D:4      | Reached XP level 6. HP: 48/48 MP: 6/6
  2635 | D:4      | Noticed Robin
  2649 | D:4      | Killed Robin
  2670 | D:4      | Found a sand-covered staircase.
  2779 | Ossuary  | Entered an ossuary
  2965 | Ossuary  | Reached XP level 7. HP: 20/55 MP: 7/7
  2979 | Ossuary  | Reached skill level 5 in Long Blades
  3169 | Ossuary  | Reached skill level 1 in Shields
  3347 | D:4      | Noticed Menkaure
  3353 | D:4      | Killed Menkaure
  3365 | D:4      | Reached skill level 6 in Long Blades
  3646 | D:4      | Reached skill level 5 in Fighting
  3646 | D:4      | Reached XP level 8. HP: 39/62 MP: 8/8
  3783 | D:5      | Entered Level 5 of the Dungeon
  3783 | D:5      | Found Xehu's General Store.
  3786 | D:5      | Bought a scroll of fear for 48 gold pieces
  3786 | D:5      | Bought a scroll of teleportation for 36 gold pieces
  3796 | D:5      | Noticed Edmund
  3811 | D:5      | Killed Edmund
  4329 | D:5      | Reached skill level 7 in Long Blades
  4551 | D:5      | Reached skill level 1 in Throwing
  4897 | D:6      | HP: 1/63 [orc warrior/+1 glaive of flaming (13)]
  4897 | D:6      | Slain by an orc warrior

Illustrated notes

Levels and vault maps discovered:
D:1:      ncdulo_lavacross, layout_rooms
D:2:      layout_basic, basic_altar
D:3:      layout_loops_ring, serial_shops, shop, amcnicky_mini_corridor_feature,
          cheibrodos_gnoll_hut
D:4:      layout_basic, enter_ossuary_3, uniq_menkaure, uniq_robin
D:5:      layout_basic, zin_treasury, serial_shops, nicolae_stop_n_shop_1,
          uniq_edmund
D:6:      layout_basic, mainiacjoe_overflow_six_doors_small, lemuel_tele_altar,
          temple_pool_b, uniq_crazy_yiuf_cottage

Skill      XL: |  1  2  3  4  5  6  7  8 |
---------------+-------------------------+-----
Long Blades    | 3 4 6 7 |  7.1
Dodging        | 3 4 |  4.5
Fighting       | 4 5 |  5.4
Armour         | 2 3 |  3.7
Shields        | 1 |  1.7
Throwing       | 1 |  1.0
Stealth        | |  0.1

Action                     |  1- 3 |  4- 6 |  7- 9 || total
---------------------------+-------+-------+-------++-------
  Melee: Falchion          |    88 |   252 |   204 ||   544
  Throw: Dart              |       |     3 |     6 ||     9
         Boomerang         |       |    11 |       ||    11
    Use: Scroll            |       |     3 |     1 ||     4
         Potion            |       |       |     4 ||     4
 Armour: Robe              |    27 |       |       ||    27
         Leather armour    |     4 |    27 |       ||    31
         Ring mail         |       |    88 |    27 ||   115
         Scale mail        |       |       |    43 ||    43
  Dodge: Dodged            |    73 |   172 |    92 ||   337
  Block: Orb               |       |    42 |    18 ||    60
